 Dungeon Sprint DCSS version 0.21-a0-338-g36cf2fc (webtiles) character file.

140 Kidiri the Thaumaturge (level 5, -5/29 HPs)
             Began as a Deep Elf Fire Elementalist on Oct 3, 2017.
             Was a Priest of Vehumet.
             Killed from afar by a deep elf mage (22 damage)
             ... with a bolt of negative energy
             ... in the Dungeon (Sprint VII: "The Pits").
             The game lasted 00:02:47 (653 turns).

Kidiri the Thaumaturge (Deep Elf Fire Elementalist)  Turns: 653, Time: 00:02:48

Health: -5/29      AC:  2    Str:  5    XL:     5   Next: 2%
Magic:  5/18       EV: 13    Int: 21    God:    Vehumet [***...]
Gold:   0          SH:  0    Dex: 15    Spells: 7/21 levels left

rFire    . . .     SeeInvis .   j - +1 dagger (venom)
rCold    . . .     Gourm    .   (no shield)
rNeg     . . .     Faith    .   a - +0 robe
rPois    .         Spirit   .   (no helmet)
rElec    .         Reflect  .   (no cloak)
rCorr    .         Harm     .   (no gloves)
MR       .....     NoTele   +   (no boots)
Stlth    ++........             (no amulet)
HPRegen  0.09/turn              (no ring)
MPRegen  0.16/turn              (no ring)

@: drained
A: no striking features
a: Renounce Religion


You were in the Dungeon.
You worshipped Vehumet.
Vehumet was most pleased with you.
You were not hungry.

You visited 1 branch

Inventory:

Hand Weapons
 j - a +1 dagger of venom (weapon)
Armour
 a - a +0 robe (worn)
Scrolls
 i - a scroll of blinking
 l - 3 scrolls of remove curse
 m - 5 scrolls of amnesia
 n - a scroll of summoning
Potions
 d - 6 potions of curing
 e - 6 potions of heal wounds
 f - a potion of haste
 g - 4 potions of magic
 h - 3 potions of berserk rage
 k - 2 potions of invisibility
Books
 b - a book of Flames

   Spells                             Type                      Level
   a - Flame Tongue                   Conjuration/Fire             1
   b - Throw Flame                    Conjuration/Fire             2
   c - Conjure Flame                  Conjuration/Fire             3
   d - Inner Flame                    Hexes/Fire                   3
   e - Sticky Flame                   Conjuration/Fire             4
   f - Fireball                       Conjuration/Fire             5
Comestibles
 c - 8 bread rations
 o - 40 fruits
 p - 7 meat rations
 q - 2 chunks of flesh


   Skills:
 + Level 1.2(0.7) Fighting
 + Level 1.4(0.9) Short Blades
 + Level 1.1(0.6) Armour
 + Level 3.2(2.7) Dodging
 - Level 2.4(1.8) Stealth
 * Level 8.9(8.3) Spellcasting
 + Level 4.9(4.4) Conjurations
 + Level 5.9(5.3) Fire Magic
 + Level 1.7(1.1) Ice Magic


You had 7 spell levels left.
You knew the following spells:

 Your Spells              Type           Power        Failure   Level  Hunger
a - Flame Tongue          Conj/Fire      ####.        1%          1    None
b - Throw Flame           Conj/Fire      ####..       1%          2    None
c - Conjure Flame         Conj/Fire      ####....     1%          3    None
d - Inner Flame           Hex/Fire       ###.....     2%          3    None
e - Sticky Flame          Conj/Fire      ####....     2%          4    ###....
f - Freeze                Ice            ##..         1%          1    None


Dungeon Overview and Level Annotations

Branches:
Dungeon (1/1)

Altars:
Ashenzari
Cheibriados
Dithmenos
Elyvilon
Fedhas
Gozag
Hepliaklqana
Kikubaaqudgha
Makhleb
Nemelex Xobeh
Okawaru
Qazlal
Ru
Sif Muna
Trog
Uskayaw
Vehumet
Wu Jian
Xom
Yredelemnul
Zin
The Shining One
Beogh
Jiyva
Lugonu


Message History

There's nothing to close nearby.
There's nothing to close nearby.
There's nothing to close nearby.
There's nothing to close nearby.
There's nothing to close nearby.
There's nothing to close nearby.
There's nothing to close nearby.
There's nothing to close nearby.
There's nothing to close nearby.
There's nothing to close nearby.
There's nothing to close nearby.
You start resting.
An iron imp opens the door.
You close the door.
An iron imp opens the door.
The deep elf mage casts a spell at you.
The bolt of negative energy hits the iron imp.
The iron imp completely resists.
The bolt of negative energy hits you!
You feel drained.
Ouch! That really hurt!
You die...

############
#_________.#
#_________.#
#_______...########
##########+##......
#.?(.+)))+.##......
##########.##......
#.@.........'......
#'#####+#####......
#5#...#.#..##......
#e#...#.#))#####+##
#.#...+.#))##......
#.##รท####))##......
#.#.%...#[[##......
#)#.....#+###...<..
#)#........##......


You could see a deep elf mage and an iron imp.

Vanquished Creatures
  A bullfrog (D)
  2 orc wizards (D)
  An ooze (D)
  A leopard gecko (D)
  An orc (D)
  2 jackals (D)
  2 bats (D)
  2 kobolds (D)
  A leopard gecko zombie (D)
13 creatures vanquished.

Notes
Turn   | Place    | Note
-------+----------+-------------------------------------------
     0 | D        | Kidiri the Deep Elf Fire Elementalist began the quest for the Orb.
     0 | D        | Reached XP level 1. HP: 10/10 MP: 6/6
    44 | D        | Found a bloodstained altar of Trog.
    44 | D        | Found a deep blue altar of Sif Muna.
    44 | D        | Found a viscous altar of Jiyva.
    44 | D        | Found a hazy altar of Hepliaklqana.
    44 | D        | Found an opulent altar of Gozag.
    45 | D        | Found a glowing golden altar of the Shining One.
    45 | D        | Found a glowing silver altar of Zin.
    45 | D        | Found a basalt altar of Yredelemnul.
    45 | D        | Found a shimmering altar of Xom.
    45 | D        | Found an ornate altar of the Wu Jian Council.
    45 | D        | Found a sacrificial altar of Ru.
    45 | D        | Found a stormy altar of Qazlal.
    45 | D        | Found an iron altar of Okawaru.
    45 | D        | Found a sparkling altar of Nemelex Xobeh.
    45 | D        | Found a burning altar of Makhleb.
    45 | D        | Found a blossoming altar of Fedhas.
    45 | D        | Found a white marble altar of Elyvilon.
    45 | D        | Found a shadowy altar of Dithmenos.
    45 | D        | Found a snail-covered altar of Cheibriados.
    49 | D        | Found a radiant altar of Vehumet.
    49 | D        | Found a corrupted altar of Lugonu.
    49 | D        | Found a roughly hewn altar of Beogh.
    50 | D        | Found a hide-covered altar of Uskayaw.
    50 | D        | Found an ancient bone altar of Kikubaaqudgha.
    50 | D        | Found a shattered altar of Ashenzari.
    57 | D        | Became a worshipper of Vehumet
    80 | D        | Reached skill level 4 in Spellcasting
   152 | D        | Reached * piety under Vehumet
   152 | D        | Offered knowledge of Freeze by Vehumet.
   156 | D        | Reached XP level 2. HP: 2/15 MP: 3/9
   159 | D        | Learned a level 1 spell: Freeze
   410 | D        | Reached skill level 5 in Spellcasting
   419 | D        | Offered knowledge of Sting by Vehumet.
   419 | D        | Reached ** piety under Vehumet
   423 | D        | Noticed a bullfrog
   430 | D        | Killed a bullfrog
   430 | D        | Reached skill level 8 in Spellcasting
   430 | D        | Reached skill level 5 in Fire Magic
   430 | D        | Reached XP level 3. HP: 7/19 MP: 2/14
   430 | D        | Reached XP level 4. HP: 9/24 MP: 2/16
   434 | D        | Learned a level 2 spell: Throw Flame
   438 | D        | Learned a level 3 spell: Conjure Flame
   442 | D        | Learned a level 3 spell: Inner Flame
   447 | D        | Learned a level 4 spell: Sticky Flame
   615 | D        | Offered knowledge of Throw Frost by Vehumet.
   615 | D        | Reached *** piety under Vehumet
   618 | D        | Reached skill level 1 in Short Blades
   618 | D        | Reached skill level 1 in Ice Magic
   620 | D        | Reached skill level 1 in Fighting
   620 | D        | Reached skill level 1 in Armour
   620 | D        | Reached XP level 5. HP: 18/29 MP: 2/18
   621 | D        | Noticed a deep elf mage
   653 | D        | Killed from afar by a deep elf mage

Vault maps used:
D:        pitsprint

Skill      XL: |  1  2  3  4 |
---------------+-------------+-----
Spellcasting   | 4 8 |  8.9
Conjurations   | 2 4 |  4.9
Fire Magic     | 4 5 |  5.9
Short Blades   | 1 |  1.4
Ice Magic      | 1 |  1.7
Fighting       | 1 |  1.2
Armour         | 1 |  1.1
Dodging        | 3 |  3.2
Stealth        | |  2.4

Action                   |  1- 3 |  4- 6 || total
-------------------------+-------+-------++-------
Melee: Dagger            |     1 |     2 ||     3
 Cast: Flame Tongue      |    20 |     4 ||    24
       Sticky Flame      |       |     2 ||     2
       Conjure Flame     |       |     1 ||     1
       Throw Flame       |       |     1 ||     1
       Freeze            |       |     2 ||     2
Armor: Robe              |     2 |     1 ||     3
Dodge: Dodged            |    12 |     2 ||    14

Table legend:
 A = Spawn XP
 B = Non-spawn XP
 C = Spawn XP percentage of total XP
 D = Spawn monster count
 E = Non-spawn monster count
 F = Spawn count percentage of total count
 G = Total turns spent on level
                    A         B        C        D         E        F      G
               +---------+---------+-------+---------+---------+-------+---------
         Total |       0 |     201 |   0.0 |       0 |      13 |   0.0 |   653
               +---------+---------+-------+---------+---------+-------+---------
             D |       0 |     201 |   0.0 |       0 |      13 |   0.0 |   653
               +---------+---------+-------+---------+---------+-------+---------
